 Dungeon Crawl Stone Soup version 0.29.1 (webtiles) character file.

Game seed: 7423221294259523874

225 Mgcat the Covered (level 6, -13/53 HPs)
             Began as a Meteoran Fighter on Sept 14, 2022.
             Mangled by an ogre
             ... wielding a +0 giant club
              (28 damage)
             ... on level 4 of the Dungeon.
             The game lasted 00:03:15 (1574 turns).

Mgcat the Covered (Meteoran Fighter)                Turns: 1574, Time: 00:03:15

Health: -13/53     AC: 18    Str: 27    XL:     6   Next: 45%
Magic:  7/7        EV:  8    Int:  9    God:
Gold:   130        SH:  5    Dex: 14    Spells: 5/5 levels left

rFire   . . .      SeeInvis .   a - +0 war axe
rCold   x . .      Faith    .   c - +0 buckler
rNeg    . . .      Spirit   .   k - +6 chain mail of the Bulwark {rC- Regen+ Str+7}
rPois   .          Reflect  .   j - +0 helmet
rElec   .          Harm     .   (no cloak)
rCorr   .          Rampage  .   r - +0 pair of gloves
Will    .....                   (no boots)
Stlth   ..........              (no amulet)
HPRegen 0.97/turn               (no ring)
MPRegen 0.10/turn               (no ring)

@: mighty, glowing
A: sense surroundings 1, otherworldly, glowing, explore regen
a: no special abilities


You were on level 4 of the Dungeon.
You visited 1 branch of the dungeon, and saw 4 of its levels.

You collected 130 gold pieces.

Inventory:

Hand Weapons
 a - a +0 war axe (weapon)
Armour
 c - a +0 buckler (worn)
 j - a +0 helmet (worn)
   (You took it off Robin on level 2 of the Dungeon)
 k - the +6 chain mail of the Bulwark (worn) {rC- Regen+ Str+7}
   (You found it on level 2 of the Dungeon)

   Str:       It affects your strength (+7).
   rC:        It makes you vulnerable to cold.
   Regen:     It increases your rate of health regeneration.
 r - a +0 pair of gloves (worn)
   (You found it on level 4 of the Dungeon)
Scrolls
 f - 2 scrolls of identify {unknown}
 h - a scroll of teleportation {unknown}
 i - a scroll of noise {unknown}
 m - a scroll of fog {unknown}
 n - 2 scrolls of blinking {unknown}
 o - a scroll of poison {unknown}
 p - a scroll of vulnerability {unknown}
 q - a scroll of enchant weapon {unknown}
Potions
 b - 2 potions of haste {unknown}
 e - a potion of cancellation {unknown}
 g - a potion of lignification {unknown}
 l - 2 potions of curing {unknown}


   Skills:
 + Level 4.5 Fighting
 + Level 4.1 Axes
 + Level 5.1 Armour
 + Level 4.9 Shields


You had 5 spell levels left.
You didn't know any spells.
Your spell library contained the following spells:

 Spells                   Type           Power      Damage    Failure   Level
 Call Canine Familiar     Summ           0%         N/A       100%        3
 Portal Projectile        Hex/Tloc       0%         N/A       100%        3
 Leda's Liquefaction      Hex/Erth       0%         N/A       100%        4
 Alistair's Intoxication  Tmut/Pois      0%         N/A       100%        5
 Borgnjor's Vile Clutch   Necr/Erth      0%         N/A       100%        5
 Eringya's Noxious Bog    Tmut/Pois      0%         N/A       100%        6


Dungeon Overview and Level Annotations

Branches:
Dungeon (4/15) Zot: 760
 Temple: D:4-7

Altars:
The Shining One


Innate Abilities, Weirdness & Mutations

You passively map a small area around you.
You are easily found by Zot.
You glow in the dark.
You regain HP and MP as you explore.


Message History

You hit the iguana.
The iguana is severely wounded.
The iguana barely misses you. x2
You barely miss the iguana.
The iguana is severely wounded.
The iguana bites you!
You take 8 damage, and have 45/53 hp.
You slash the iguana!
You kill the iguana!
Your Armour skill increases to level 5!
No target in view!
No target in view!
q - a scroll labelled KEEMOTS BEDWAE You regained 3 hp, and now have 49/53 hp.
HP restored.
You see here an iguana corpse.
You pick up a book of the Hunter and begin reading...
You add the spells Call Canine Familiar, Portal Projectile and Leda's Liquefaction to your library.
Health restored: 53 You see here an iguana corpse. 2 jackals come into view.
The jackal barks!
There is a stone staircase leading up here.
Found a stone staircase leading down.
You barely miss the jackal.
The jackal bites you but does no damage.
The jackal barely misses you.
You hit the jackal.
The jackal is almost dead.
You block the jackal's attack. x2
You slash the jackal!
You kill the jackal!
You hit the jackal.
The jackal is almost dead.
The jackal bites you but does no damage. x2
You slash the jackal!
You kill the jackal!
No target in view!
You see here a jackal corpse.
A kobold comes into view. It is wielding a +0 short sword.
The kobold shouts!
A kobold is nearby!
You see here 17 gold pieces.
You block the kobold's attack.
An endoplasm comes into view.
You see here a +0 pair of gloves.
The endoplasm quivers.
You slash the kobold!
You kill the kobold!
An endoplasm comes into view.
The endoplasm quivers.
You see here a +0 short sword.
You slash the endoplasm!
You kill the endoplasm!
You slash the endoplasm!
You kill the endoplasm!
No target in view!
No target in view!
r - a +0 pair of gloves You start putting on your armour.
You continue putting on your +0 pair of gloves. x4
You finish putting on your +0 pair of gloves.
You now have 113 gold pieces (gained 17).
Found a stone staircase leading up.
There is a stone staircase leading up here.
There is a stone staircase leading up here.
You see here a +0 longbow.
You now have 130 gold pieces (gained 17).
You see here a +0 longbow.
An ogre comes into view. It is wielding a +0 giant club.
Spoiler Alert: The ogre can hit for high damage in melee!
You aren't carrying any items that you can evoke.
Okay, then.
Unknown command.
Unknown command.
You slash the ogre!
The ogre is moderately wounded.
The ogre hits you with a +0 giant club!!
You take 18 damage, and have 35/53 hp.
MASSIVE DAMAGE!!
Spoiler Alert: The ogre can hit for high damage in melee!
Sorry, you're not good enough to have a special ability.
Unknown command.
You feel very mighty all of a sudden.
The ogre hits you with a +0 giant club!!
* * * LOW HITPOINT WARNING * * *
You take 24 damage, and have 11/53 hp.
MASSIVE DAMAGE!!
Spoiler Alert: The ogre can hit for high damage in melee!
You slash the ogre!
The ogre is severely wounded.
The ogre closely misses you.
You barely miss the ogre.
The ogre is severely wounded.
The ogre hits you but does no damage.
You regained 2 hp, and now have 14/53 hp.
Spoiler Alert: The ogre can hit for high damage in melee!
You barely miss the ogre.
The ogre is severely wounded.
The ogre hits you with a +0 giant club!!
Ouch! That really hurt!
You die...

######.##.####* # ,
.............##.#
.#.###..........# * *
* .(..#####.##.####
.....####......### #*
.................##.#
.....####...........#
#...#####.)#.#.#.##.#
* *
##<###.....#.#.#@# *
...# #.##..#.#.#O# ,
#### #.##..#.#.... ,*
* #†##..#.....?. ,
#.##..#####.... ,, ,
######.##..# * #.....
.....<...#.. ,.......
#######.#..#*
#......#, , * # *.#
....


You could see an ogre.

Vanquished Creatures
  A jelly (D:3)
  An iguana (D:4)
  Jessica (D:2)
  Robin (D:2)
  6 adders
  2 worms
  A dart slug (D:1)
  A ball python (D:3)
  7 endoplasms
  A giant cockroach (D:3)
  18 goblins
  6 hobgoblins
  2 jackals (D:4)
  3 quokkas
  5 bats
  3 frilled lizards (D:2)
  8 kobolds
  5 rats
72 creatures vanquished.

Notes
Turn   | Place    | Note
-------+----------+-------------------------------------------
     0 | D:1      | Mgcat the Meteoran Fighter began the quest for the Orb.
     0 | D:1      | Reached XP level 1. HP: 19/19 MP: 2/2
    69 | D:1      | Reached XP level 2. HP: 26/26 MP: 3/3
   271 | D:2      | Reached skill level 4 in Armour
   271 | D:2      | Reached skill level 4 in Shields
   271 | D:2      | Reached XP level 3. HP: 31/31 MP: 4/4
   297 | D:2      | Reached skill level 3 in Axes
   309 | D:2      | Noticed Robin
   324 | D:2      | Reached XP level 4. HP: 23/40 MP: 5/5
   332 | D:2      | Killed Robin
   366 | D:2      | Identified the +6 chain mail of the Bulwark {rC- Regen+
                  | Str+7}
   477 | D:2      | Noticed Jessica
   484 | D:2      | Killed Jessica
   485 | D:2      | Reached skill level 4 in Fighting
   485 | D:2      | Reached XP level 5. HP: 46/46 MP: 6/6
   823 | D:3      | Found a glowing golden altar of the Shining One.
   883 | D:3      | Reached XP level 6. HP: 41/52 MP: 7/7
  1031 | D:3      | Reached skill level 4 in Axes
  1434 | D:4      | Reached skill level 5 in Armour
  1562 | D:4      | Noticed an ogre
  1571 | D:4      | HP: 11/53 [ogre/+0 giant club (25)]
  1574 | D:4      | Mangled by an ogre

Illustrated notes

Levels and vault maps discovered:
D:1:      dpeg_arrival_round_a, layout_loops_ring,
          hellmonk_ecumenical_altar_heavens_door
D:2:      layout_basic, uniq_robin, uniq_jessica, uniq_terence
D:3:      layout_basic, mainiacjoe_overflow_paths, minmay_misc_feat_diagonals
D:4:      layout_loops_ring

Skill      XL: |  1  2  3  4  5  6 |
---------------+-------------------+-----
Armour         | 4 5 |  5.1
Shields        | 4 |  4.9
Axes           | 3 4 |  4.1
Fighting       | 4 |  4.5

Action                   |  1- 3 |  4- 6 || total
-------------------------+-------+-------++-------
Melee: War axe           |    43 |   137 ||   180
  Use: Potion            |       |     1 ||     1
Armor: Scale mail        |    27 |    12 ||    39
       Chain mail        |       |    68 ||    68
Dodge: Dodged            |     7 |    37 ||    44
Block: Buckler           |    12 |    32 ||    44

Table legend: (Time is in decaauts)
 A = Elapsed time spent in this place.
 B = Non-inter-level travel time spent in this place.
 C = Inter-level travel time spent in this place.
 D = Time resting spent in this place.
 E = Time spent auto-exploring this place.
 F = Levels seen in this place.
 G = Mean time per level.
                   A        B        C        D        E       F      G
               +--------+--------+--------+--------+--------+-----+--------+
         Total |   1638 |   1596 |     42 |      0 |   1146 |   4 |  409.5 |
       Dungeon |   1638 |   1596 |     42 |      0 |   1146 |   4 |  409.5 |
               +--------+--------+--------+--------+--------+-----+--------+

Top non-repeatable levels by time:
     D:2: 610 daAuts
     D:3: 601 daAuts
     D:4: 225 daAuts
     D:1: 200 daAuts

Table legend:
 A = Kills in this place as a percentage of kills in entire the game.
 B = Kills by you in this place as a percentage of kills by you in the entire game.
 C = Kills by friends in this place as a percentage of kills by friends in the entire game.
 D = Other kills in this place as a percentage of other kills in the entire game.
 E = Experience gained in this place as a percentage of experience gained in the entire game.
 F = Experience gained in this place divided by the number of levels of this place that you have seen.
                   A       B       C       D       E      F
               +-------+-------+-------+-------+-------+----------------------
         Total | 100.0 | 100.0 |   N/A |   N/A | 100.0 |  80.5
       Dungeon | 100.0 | 100.0 |   N/A |   N/A | 100.0 |  80.5
               +-------+-------+-------+-------+-------+----------------------
